AoeStats
← OSMANE38

Black Forest

510391248Analyzed
3v3 RM · 16h ago on Sep 30, 2026· 90m 20s· 6 players
Game mode
Random Map
Map size
Normal (6 player)
Population
200
Speed
Normal
Resources
Standard
Victory
Conquest
Starting age
Dark Age
Ending age
Imperial Age
RankedLock teamsTeams togetherTeam positionsShared explorationLock speedFull tech treeHidden civsTurbo modeCheats
Victory
Defeat
🇩🇪 Turks · Germany
870
+16
🇩🇪 Vietnamese · Germany
861
+17
🇩🇪 Burgundians · Germany
860
+17
🇩🇪 Turks · Germany
896
-17
🇵🇱 Persians · Poland
879
-17
🇨🇳 Burmese · China
869
-16
Penetrator
0:44 Loom
15:28 Feudal Age
16:07 Double-Bit Axe
20:54 Castle Age
21:10 Wheelbarrow
24:17 Bow Saw
25:58 Horse Collar
31:26 Town Watch
32:12 Hand Cart
36:54 Imperial Age
37:13 Forging
37:09 Scale Barding Armor
38:02 Gold Mining
38:02 Stone Mining
39:03 Conscription
39:25 Iron Casting
39:11 Chain Barding Armor
39:35 Husbandry
39:46 Bloodlines
40:06 Ballistics
40:51 Elite Janissary
42:33 Blast Furnace
42:09 Plate Barding Armor
42:11 Padded Archer Armor
42:59 Hoardings
44:17 Caravan
46:16 Heavy Plow
51:08 Leather Archer Armor
59:15 Fortified Wall
59:17 Masonry
64:59 Architecture
72:35 Artillery
73:37 Gold Shaft Mining
80:49 Heavy Camel Rider
Road to Silver1
7:25 Loom
18:35 Feudal Age
23:34 Castle Age
21:48 Fletching
22:35 Scale Mail Armor
22:36 Padded Archer Armor
22:31 Gold Mining
24:20 Wheelbarrow
24:00 Horse Collar
24:07 Double-Bit Axe
26:12 Town Watch
26:40 Stone Mining
28:13 Hand Cart
29:34 Town Patrol
31:02 Heavy Plow
33:06 Stone Shaft Mining
32:38 Bodkin Arrow
34:07 Caravan
35:27 Bow Saw
36:47 Coinage
37:48 Treadmill Crane
38:29 Ballistics
38:01 Heated Shot
38:21 Masonry
38:23 Fortified Wall
38:09 Murder Holes
38:43 Ballistics
38:15 Heated Shot
42:55 Imperial Age
40:26 Pikeman
40:52 Arson
41:07 Squires
42:07 Chain Mail Armor
42:07 Leather Archer Armor
42:04 Forging
41:18 Elite Skirmisher
43:16 Halberdier
44:20 Paper Money
44:18 Imperial Skirmisher
45:02 Elite Rattan Archer
45:45 Chatras
46:35 Ring Archer Armor
46:06 Bracer
46:12 Scale Barding Armor
47:29 Chemistry
46:46 Forging
50:29 Crop Rotation
50:43 Banking
50:24 Guilds
Sir Faxe
4:56 Loom
6:07 Double-Bit Axe
8:15 Wheelbarrow
12:25 Horse Collar
15:42 Feudal Age
16:44 Bow Saw
19:49 Castle Age
20:49 Hand Cart
22:35 Two-Man Saw
21:52 Guilds
24:42 Fishing Lines
27:29 Heavy Plow
28:05 Stone Mining
30:10 Crop Rotation
29:40 Gillnets
29:48 Pikeman
30:30 Squires
30:46 Caravan
31:23 Elite Skirmisher
34:56 Imperial Age
33:01 Husbandry
33:42 Gold Mining
34:30 Stone Shaft Mining
34:01 Padded Archer Armor
34:14 Forging
35:10 Gold Shaft Mining
34:13 Cavalier
35:44 Leather Archer Armor
35:21 Fletching
35:32 Scale Mail Armor
36:12 Iron Casting
35:07 Imperial Skirmisher
37:15 Conscription
38:36 Halberdier
39:57 Burgundian Vineyards
41:20 Scale Mail Armor
43:11 Blast Furnace
42:27 Chain Mail Armor
42:20 Man-at-Arms
43:43 Elite Coustillier
47:39 Paladin
48:22 Paladin
49:26 Scale Barding Armor
49:18 Bodkin Arrow
56:28 Chain Barding Armor
55:42 Light Cavalry
56:34 Hussar
59:01 Plate Barding Armor
60:34 Fortified Wall
61:27 Chemistry
62:35 Town Watch
64:39 Devotion
64:44 Bracer
65:18 Plate Mail Armor
66:31 Murder Holes
67:10 Faith
72:10 Block Printing
OSMANE38
0:37 Loom
16:53 Feudal Age
23:02 Stone Mining
23:05 Gold Mining
22:59 Horse Collar
23:11 Double-Bit Axe
23:40 Forging
23:58 Fishing Lines
27:56 Castle Age
29:21 Gold Shaft Mining
28:50 Heavy Plow
29:10 Bow Saw
32:40 Wheelbarrow
32:03 Gillnets
33:25 Town Watch
34:44 Hand Cart
34:47 Fletching
34:58 Padded Archer Armor
35:49 Town Patrol
40:22 Imperial Age
38:50 Leather Archer Armor
38:31 Bodkin Arrow
39:12 Iron Casting
40:37 Elite Janissary
41:18 Artillery
41:54 Hoardings
42:55 Sappers
63:19 Husbandry
65:44 Bloodlines
67:37 Two-Man Saw
73:26 Thumb Ring
81:17 Caravan
81:48 Coinage
Crusher
0:32 Loom
14:36 Feudal Age
15:46 Wheelbarrow
14:58 Double-Bit Axe
14:54 Horse Collar
23:26 Castle Age
21:17 Gold Mining
21:19 Stone Mining
23:55 Heavy Plow
24:07 Bow Saw
30:58 Hand Cart
32:24 Gold Shaft Mining
34:44 Imperial Age
32:56 Town Watch
33:56 Stone Shaft Mining
33:26 Caravan
34:23 Forging
34:14 Scale Mail Armor
34:20 Scale Barding Armor
35:28 Conscription
36:15 Two-Man Saw
35:47 Crop Rotation
35:43 Town Patrol
37:20 Iron Casting
37:05 Chain Barding Armor
36:34 Elite War Elephant
39:25 Chemistry
44:48 Cavalier
46:17 Husbandry
47:22 Blast Furnace
46:59 Plate Barding Armor
46:57 Savar
47:52 Bloodlines
58:49 Chain Mail Armor
59:42 Pikeman
60:56 Plate Mail Armor
60:30 Squires
62:38 Halberdier
65:05 Arson
68:11 Heavy Camel Rider
69279406
0:30 Loom
13:45 Feudal Age
19:14 Castle Age
17:35 Fishing Lines
21:57 Wheelbarrow
26:21 Treadmill Crane
27:48 Horse Collar
29:14 Gillnets
32:23 Hand Cart
32:37 Heavy Plow
35:19 Imperial Age
33:35 Manipur Cavalry
34:23 Squires
34:09 Gambesons
33:44 Pikeman
35:59 Town Watch
36:58 Conscription
35:58 Elite Arambai
37:09 Howdah
37:14 Husbandry
39:02 Scale Barding Armor
38:58 Scale Mail Armor
39:08 Forging
38:49 Fletching
39:00 Padded Archer Armor
39:10 Siege Engineers
39:15 Masonry
39:26 Ballistics
40:23 Halberdier
40:49 Arson
40:56 Capped Ram
42:29 Elite Battle Elephant
44:20 Town Patrol
45:10 Parthian Tactics
44:05 Elite Skirmisher
46:44 Murder Holes
47:20 Architecture
47:51 Chemistry
63:00 Bodkin Arrow
63:41 Iron Casting
67:17 Chain Mail Armor
67:37 Iron Casting
67:03 Bracer
68:11 Guilds
68:07 Caravan
74:16 Bracer
75:17 Blast Furnace
74:47 Plate Mail Armor
74:39 Chain Barding Armor
75:34 Stone Mining
75:34 Gold Mining
78:10 Heavy Scorpion
88:01 Heavy Cavalry Archer
88:41 Cavalier
89:32 Bloodlines
Connection lost

Rejoining the realm…

Still unreachable

The connection could not be restored.

Session expired

The server has moved on; the page needs a fresh start.